 Dungeon Crawl Stone Soup version 0.17-a0-1510-gb3fb22e (webtiles) character file.

32 Eleanoora the Skirmisher (level 3, 0/31 HPs)
             Began as a Formicid Monk on July 11, 2015.
             Slain by Robin
             ... wielding a +2 spear of piercing
              (3 damage)
             ... on level 2 of the Dungeon.
             The game lasted 00:02:21 (1401 turns).

Eleanoora the Skirmisher (Formicid Monk)            Turns: 1401, Time: 00:02:21

Health: 0/31       AC:  3    Str: 15    XL:     3   Next: 42%
Magic:  3/3        EV: 12    Int:  9    God:
Gold:   29         SH:  0    Dex: 14    Spells: 0 memorised, 2 levels left

rFire  . . .     SeeInvis +     f - +0 mace
rCold  . . .     Clarity  .     e - +0 leather armour
rNeg   . . .     SustAt   .     (no shield)
rPois  .         Gourm    .     (helmet unavailable)
rElec  .         Spirit   .     (no cloak)
rCorr  .         Warding  .     (no gloves)
rMut   .         Stasis   +     (no boots)
MR     .....                    (no amulet)
Stlth  ++........               (no ring)
                                (no ring)

@: not resistant to hostile enchantments, unstealthy
A: permanent stasis, dig shafts and tunnels, four strong arms, antennae 3
a: Dig, Shaft Self


You were on level 2 of the Dungeon.
You were hungry.

You visited 1 branch of the dungeon, and saw 2 of its levels.

You collected 29 gold pieces.


Innate Abilities, Weirdness & Mutations

You are under a permanent stasis effect.
You can dig through walls and to a lower floor.
Your four strong arms can wield two-handed weapons with a shield.
You have a pair of large antennae on your head (SInv).


   Skills:
 + Level 4.5 Fighting
 + Level 0.6 Maces & Flails
 - Level 2.6 Dodging
 - Level 2.4 Stealth
 - Level 4.0 Unarmed Combat


You had 2 spell levels left.
You didn't know any spells.

Inventory:

Hand weapons
 f - a +0 mace (weapon)
Missiles
 c - 45 stones (quivered)
Armour
 e - a +0 leather armour (worn)
Scrolls
 h - a scroll of random uselessness {unknown}
 j - a scroll of remove curse {unknown}
Potions
 a - a potion of flight {unknown}
 d - a potion of curing {unknown}
 g - a potion of heal wounds {unknown}
 i - a potion of lignification {unknown}
Comestibles
 b - a bread ration

Dungeon Overview and Level Annotations

Branches:
Dungeon (2/15)

Altars:

Annotations:
D:2 Robin


Message History

You continue eating. x2
All of the chunks of flesh in your inventory have rotted away.
HP restored.
You sense a monster nearby. 2 goblins and Robin come into view.
Found a metallic dark potion and a scroll labeled MENKAI UR KAO.
Robin shouts!
Robin says, "Bow before me, strongest of all the hobgoblins!"
Robin roars a battlecry!
The goblins go into a battle-frenzy! 2 goblins come into view.
Robin zaps a wand.
The puff of frost hits you!
It is a wand of frost.
The goblin moves out of view.
Press: ? - help, v - describe, . - travel
Here: Robin, wielding a spear of piercing, wearing an animal skin, wearing a helmet and carrying a wand of frost {zapped: 1} The floor.
Robin zaps a wand.
The puff of frost misses you.
You are feeling hungry.
Use which ability? (? or * to list)
You extend your mandibles.
You dig through the rock wall.
You dig through the rock wall.
You dig through the rock wall.
You retract your mandibles.
You hit Robin.
Robin is lightly wounded.
Robin zaps a wand.
The puff of frost hits you!
Robin hits you with a spear of piercing.
You hit Robin.
Robin is moderately wounded.
Robin zaps a wand.
The puff of frost hits you!
You barely miss Robin.
Robin is moderately wounded.
Robin hits you with a spear of piercing.
You die...

#.##..# #..#{.####
##.#...... #{.#.#
##.#.# #...#
####.g# ##g##.>#
#@#.##.# #####.g.#
#.......# #.......#
#.......#
#.......###########
#.......##.........
#.......##.########
#####.####.#..#


You could see Robin.

Action                   || total
-------------------------++-------
Melee: Unarmed           ||    76
       Mace              ||    15
 Abil: Dig               ||     1
 Stab: Sleeping          ||     4
  Eat: Chunk             ||     1

Notes
Turn   | Place    | Note
--------------------------------------------------------------
     0 | D:1      | Eleanoora the Formicid Monk began the quest for the Orb.
     0 | D:1      | Reached XP level 1. HP: 18/18 MP: 1/1
   160 | D:1      | Reached XP level 2. HP: 23/25 MP: 2/2
   163 | D:1      | Reached skill level 4 in Fighting
   394 | D:1      | Reached XP level 3. HP: 26/31 MP: 3/3
  1343 | D:2      | Noticed Robin
  1401 | D:2      | Slain by Robin

Vault maps used:
D:1:      dpeg_arrival_rhombi
D:2:      lemuel_upstairs_altar, serial_corexii_hall, corexii_hall_statues_i,
          corexii_hall_statues_i, uniq_robin, uniq_natasha

Vanquished Creatures
  An ooze
  A worm
  A giant gecko
  3 bats
  4 hobgoblins
  A quokka
  2 giant newts
  2 goblins
  4 kobolds
  5 rats
24 creatures vanquished.
